 Dungeon Crawl Stone Soup version 0.25.1-2-g60ff931df9 (webtiles) character file.

Game seed: 16512299156277752086

30 Delamore the Shield-Bearer (level 3, -3/29 HPs)
             Began as a Formicid Fighter on Aug 5, 2020.
             Slain by an ogre
             ... wielding a +0 giant club
              (8 damage)
             ... on level 2 of the Dungeon.
             The game lasted 00:01:11 (1413 turns).

Delamore the Shield-Bearer (Formicid Fighter)       Turns: 1413, Time: 00:01:11

Health: -3/29      AC:  8    Str: 21    XL:     3   Next: 37%
Magic:  3/3        EV:  8    Int:  7    God:
Gold:   74         SH:  9    Dex: 10    Spells: 2/2 levels left

rFire    . . .     SeeInvis +   g - +0 hand axe
rCold    . . .     Gourm    .   c - +0 kite shield
rNeg     . . .     Faith    .   b - +0 scale mail
rPois    .         Spirit   .   (helmet unavailable)
rElec    .         Reflect  .   (no cloak)
rCorr    .         Harm     .   (no gloves)
MR       .....                  j - +0 pair of boots
Stlth    ..........             (no amulet)
HPRegen  0.09/turn              (no ring)
MPRegen  0.08/turn              (no ring)

@: no status effects
A: permanent stasis, dig shafts and tunnels, four strong arms, antennae 3
a: Dig, Shaft Self


You were on level 2 of the Dungeon.
You were not hungry.

You visited 1 branch of the dungeon, and saw 2 of its levels.

You collected 74 gold pieces.

Inventory:

Hand Weapons
 a - a +0 war axe
 g - a +0 hand axe (weapon)
Armour
 b - a +0 scale mail (worn)
 c - a +0 kite shield (worn)
 j - a +0 pair of boots (worn)
Jewellery
 l - an uncursed amulet of reflection {unknown}
Scrolls
 k - a scroll of teleportation {unknown}
Potions
 d - a potion of might
 e - a potion of curing {unknown}
 i - a potion of ambrosia {unknown}
Comestibles
 f - 2 rations
 h - a chunk of flesh


   Skills:
 + Level 3.5 Fighting
 + Level 2.5 Axes
 + Level 3.6 Armour
 + Level 0.6 Dodging
 + Level 3.9 Shields


You had 2 spell levels left.
You didn't know any spells.
Your spell library was empty.

Dungeon Overview and Level Annotations

Branches:
Dungeon (2/15)

Altars:
Trog


Innate Abilities, Weirdness & Mutations

You cannot be hasted, slowed, berserked, paralysed or teleported.
You can dig through walls and to a lower floor.
Your four strong arms can wield two-handed weapons with a shield.
You have a pair of large antennae on your head. (SInv)


Message History

The ogre hits you with a +0 giant club!!
Ouch! That really hurt!
* * * LOW HITPOINT WARNING * * *
You are too injured to fight recklessly!
You are too injured to fight recklessly!
You block the bat's attack. The worm completely misses you.
The ogre closely misses you.
You see here a ball python corpse.
The bat hits you but does no damage. The worm bites you but does no damage.
The bat hits you but does no damage. The bat hits you but does no damage.
You block the bat's attack.
The hobgoblin throws a throwing net.
The throwing net hits you.
You become entangled in the net!
You see here a throwing net.
You tear a large gash into the net.
The bat hits you but does no damage.
You struggle against the net.
The ogre barely misses you. The worm completely misses you.
You rip the net and break free!
The bat barely misses you. The ogre hits you with a +0 giant club!
You die...

#.#. #....# ## {
###.#.###.#####?
......#....# #..########
.## #....##.# #..........
....#..†## .# #..........
##......###.###..........
..........#w.....{<.gO...
..#.#.#wObg............).
.#. #.#.@.#####..........
# ..##..# #.......... ##
#.... #..........
#####..#...$......
............ #..........#
........##


You could see an ogre, a worm, a dart slug, a hobgoblin and a bat.

Vanquished Creatures
  A leopard gecko (D:1)
  2 giant cockroaches
  4 goblins (D:1)
  2 quokkas (D:2)
  3 ball pythons
  7 bats
  A frilled lizard (D:2)
  6 kobolds
  4 rats (D:1)
30 creatures vanquished.

Notes
Turn   | Place    | Note
-------+----------+-------------------------------------------
     0 | D:1      | Delamore the Formicid Fighter began the quest for the Orb.
     0 | D:1      | Reached XP level 1. HP: 18/18 MP: 1/1
   219 | D:1      | Reached XP level 2. HP: 24/24 MP: 2/2
  1004 | D:2      | Reached XP level 3. HP: 27/29 MP: 3/3
  1069 | D:2      | Noticed an ogre
  1077 | D:2      | Found a bloodstained altar of Trog.
  1413 | D:2      | Slain by an ogre

Illustrated notes

Levels and vault maps discovered:
D:1:      dpeg_arrival_solitude, layout_basic, chequers_big_river
D:2:      layout_rooms, kennysheep_vampire_church, bloody_trog

Action                   || total
-------------------------++-------
Melee: War axe           ||    13
       Hand axe          ||    99
  Eat: Chunk             ||     2
Armor: Scale mail        ||    65
Dodge: Dodged            ||    75
Block: Kite shield       ||    92
